 Dungeon Crawl Stone Soup version 0.17.1-1-g73c8601 (webtiles) character file.

534 Implojin the Ruffian (level 7, -3/66 HPs)
             Began as a Troll Fighter on Mar 31, 2016.
             Slain by a worker ant (6 damage)
             ... on level 5 of the Dungeon.
             The game lasted 00:05:39 (942 turns).

Implojin the Ruffian (Troll Fighter)                 Turns: 942, Time: 00:05:39

Health: -3/66      AC:  5    Str: 30    XL:     7   Next: 4%
Magic:  6/6        EV:  8    Int:  4    God:
Gold:   19         SH:  9    Dex: 11    Spells: 0 memorised, 6 levels left

rFire  . . .     SeeInvis .       - Unarmed
rCold  . . .     Clarity  .     a - +0 robe
rNeg   + . .     SustAt   .     b - +0 shield
rPois  .         Gourm    +     (helmet restricted)
rElec  .         Spirit   .     (no cloak)
rCorr  .         Warding  .     (gloves unavailable)
rMut   .         Stasis   .     (boots unavailable)
MR     .....                    (no amulet)
Stlth  +.........               (no ring)
                                g - ring of positive energy

@: mighty, not resistant to hostile enchantments, very unstealthy
A: unfitting armour, claws 3, fast metabolism 3, gourmand, regeneration 2,
shaggy fur 1, tough skin 2
a: no special abilities


You were on level 5 of the Dungeon.
You were very full.

You visited 1 branch of the dungeon, and saw 6 of its levels.

You collected 19 gold pieces.

Inventory:

Armour
 a - a +0 robe (worn)
 b - a +0 shield (worn)
Jewellery
 g - a ring of positive energy (left claw)
Scrolls
 i - a scroll of recharging {unknown}
 j - 3 scrolls of remove curse {unknown}
 l - a scroll of identify {unknown}
 n - 2 scrolls of teleportation {unknown}
Potions
 e - a potion of lignification {unknown}
 k - 2 potions of agility {unknown}
 m - 3 potions of heal wounds {unknown}
 p - a potion of curing {unknown}
Books
 f - a book of Annihilations

   Spells                             Type                      Level
   a - Poison Arrow                   Conjuration/Poison           6
   b - Chain Lightning                Conjuration/Air              8
   c - Lehudib's Crystal Spear        Conjuration/Earth            8
   d - Glaciate                       Conjuration/Ice              9
   e - Fire Storm                     Conjuration/Fire             9
Comestibles
 d - 3 bread rations
 h - a meat ration
 o - 2 chunks of flesh


   Skills:
 - Level 2.4 Fighting
 - Level 2.4 Dodging
 - Level 2.4 Shields
 * Level 7.7 Unarmed Combat


You had 6 spell levels left.
You didn't know any spells.

Dungeon Overview and Level Annotations

Branches:
Dungeon (6/15)
 Temple: D:4-7

Altars:
Dithmenos
Kikubaaqudgha


Innate Abilities, Weirdness & Mutations

You are too large for most types of armour.
You have claws for hands.
Your metabolism is lightning-fast.
You like to eat raw meat.
You heal very quickly.
You are covered in fur (AC +1).
You have very tough skin (AC +2).


Message History

* * * LOW HITPOINT WARNING * * *
You scratch the orc but do no damage.
The centaur drinks a potion.
The centaur seems to grow stronger.
The orc hits you with a mace.
* * * LOW HITPOINT WARNING * * *
You scratch the centaur.
The centaur is lightly wounded.
You feel sick. You block the centaur's attack. You block the orc's attack.
Unknown command.
You claw the centaur!
The centaur is severely wounded.
The centaur hits you but does no damage.
The orc hits you with a mace.
* * * LOW HITPOINT WARNING * * *
The centaur hits you!
* * * LOW HITPOINT WARNING * * *
Drink which item? (? for menu, Esc to quit)
You feel very mighty all of a sudden. The worker ant barely misses you.
You block the centaur's attack. The worker ant bites you.
* * * LOW HITPOINT WARNING * * *
The orc hits you with a mace.
* * * LOW HITPOINT WARNING * * *
Unknown command.
You barely miss the centaur.
The centaur is severely wounded.
You block the centaur's attack. The worker ant completely misses you.
Unknown command.
You barely miss the centaur.
The centaur is severely wounded.
The centaur barely misses you. You block the orc's attack.
You block the centaur's attack. The worker ant barely misses you.
Unknown command.
You completely miss the centaur.
The centaur is severely wounded.
You feel sick.
You are no longer poisoned.
The centaur hits you.
* * * LOW HITPOINT WARNING * * *
You block the orc's attack. The worker ant bites you.
You die...

##. .....# .........
....... .# 8. ......
..## ... #.... ...##
....##$#.# ##...#####
......c#.###........#
..[...o@.##..........
##.?....a.#..........
#.........#........#
.)..#..........###...##
.##............#####..##
#######.##...÷.†.##.##
.........###..#..#
.#........###..... .^
...####..........


You could see a centaur, a worker ant and an orc.

Vanquished Creatures
  The ghost of trogs the Ducker, an amateur SpWr (D:5)
  The ghost of zxpr0jk the Chiller, an amateur DrIE (D:3)
  A phantom (D:5)
  A scorpion (D:4)
  A hound (D:5)
  2 worker ants
  Robin (D:2)
  2 gnolls (D:3)
  5 adders
  3 river rats (D:3)
  An ooze (D:5)
  A worm (D:3)
  2 giant geckos
  3 orcs (D:5)
  2 bats (D:2)
  A giant cockroach (D:5)
  9 goblins
  5 hobgoblins
  2 jackals (D:5)
  3 kobolds (D:3)
  2 ball pythons
  A giant newt (D:3)
  A rat (D:2)
  A plant (D:3)
52 creatures vanquished.

Vanquished Creatures (others)
  A plant (D:3)
1 creature vanquished.

Grand Total: 53 creatures vanquished

Notes
Turn   | Place    | Note
--------------------------------------------------------------
     0 | D:1      | Implojin the Troll Fighter began the quest for the Orb.
     0 | D:1      | Reached XP level 1. HP: 22/22 MP: 0/0
   184 | D:2      | Found a shadowy altar of Dithmenos.
   190 | D:2      | Noticed Robin
   199 | D:2      | Reached XP level 2. HP: 29/29 MP: 1/1
   208 | D:2      | Reached skill level 3 in Unarmed Combat
   227 | D:2      | Killed Robin
   227 | D:2      | Reached XP level 3. HP: 36/36 MP: 2/2
   305 | D:3      | Reached skill level 4 in Unarmed Combat
   321 | D:3      | Found an ancient bone altar of Kikubaaqudgha.
   336 | D:3      | Reached XP level 4. HP: 25/44 MP: 3/3
   575 | D:3      | Noticed zxpr0jk's ghost (amateur DrIE)
   650 | D:3      | Killed zxpr0jk's ghost
   650 | D:3      | Reached skill level 5 in Unarmed Combat
   650 | D:3      | Reached XP level 5. HP: 17/50 MP: 4/4
   741 | D:4      | Reached skill level 6 in Unarmed Combat
   766 | D:5      | Entered Level 5 of the Dungeon
   766 | D:5      | Noticed trogs's ghost (amateur SpWr)
   782 | D:5      | Killed trogs's ghost
   782 | D:5      | Reached XP level 6. HP: 43/59 MP: 5/5
   783 | D:5      | Noticed a phantom
   811 | D:5      | Reached skill level 7 in Unarmed Combat
   822 | D:5      | Killed a phantom
   907 | D:5      | Reached XP level 7. HP: 35/66 MP: 6/6
   933 | D:5      | Noticed a centaur
   942 | D:5      | HP: 3/66 [centaur (5)]
   942 | D:5      | Slain by a worker ant

Action                   |  1- 3 |  4- 6 |  7- 9 || total
-------------------------+-------+-------+-------++-------
Melee: Unarmed           |    72 |   139 |     9 ||   220
  Use: Potion            |       |       |     1 ||     1
  Eat: Chunk             |     8 |     2 |     4 ||    14

Table legend:
 A = Turns spent in this place as a percentage of turns spent in the entire game.
 B = Non-inter-level travel turns spent in this place as a percentage of non-inter-level travel turns spent in the entire game.
 C = Inter-level travel turns spent in this place as a percentage of turns spent in this place.
 D = Turns resting spent in this place as a percentage of non-inter-level travel turns spent in this place.
 E = Turns spent auto-exploring this place as a percentage of non-inter-level travel turns spent in this place.
 F = Non-inter-level travel turns spent in this place divided by the number of levels of this place that you've seen.
                   A       B       C       D       E      F
               +-------+-------+-------+-------+-------+----------------------
         Total | 100.0 | 100.0 |   0.0 |   0.0 |   0.0 | 147.0
       Dungeon | 100.0 | 100.0 |   0.0 |   0.0 |   0.0 | 147.0
               +-------+-------+-------+-------+-------+----------------------

Table legend:
 A = Kills in this place as a percentage of kills in entire the game.
 B = Kills by you in this place as a percentage of kills by you in the entire game.
 C = Kills by friends in this place as a percentage of kills by friends in the entire game.
 D = Other kills in this place as a percentage of other kills in the entire game.
 E = Experience gained in this place as a percentage of experience gained in the entire game.
 F = Experience gained in this place divided by the number of levels of this place that you have seen.
                   A       B       C       D       E      F
               +-------+-------+-------+-------+-------+----------------------
         Total | 100.0 | 100.0 |  -nan |  -nan | 100.0 | 127.3
       Dungeon | 100.0 | 100.0 |  -nan |  -nan | 100.0 | 127.3
               +-------+-------+-------+-------+-------+----------------------
